 Dungeon Crawl Stone Soup version 0.28-a0-697-g47f3eba078 (webtiles) character file.

Game seed: 15629118782370020218

70 KoroneIsBestGirl the Firebug (level 4, 0/24 (27) HPs)
             Began as an Octopode Fire Elementalist on Oct 24, 2021.
             Was a Follower of Elyvilon.
             Slain by Terence (2 damage)
             ... on level 2 of the Dungeon.
             The game lasted 00:02:44 (2223 turns).

KoroneIsBestGirl the Firebug (OpFE)                 Turns: 2223, Time: 00:02:46

HP:   0/24 (27)     AC:  1    Str:  6 (7)  XL:     4   Next: 22%
MP:   1/7           EV: 13    Int: 17 (18) God:    Elyvilon [*.....]
Gold: 43            SH:  0    Dex: 10 (12) Spells: 7/8 levels left

rFire   . . .      SeeInvis .   b - +1 dagger (freeze)
rCold   . . .      Faith    .   (no shield)
rNeg    . . .      Spirit   .   (helmet restricted)
rPois   .          Reflect  .   (no amulet)
rElec   .          Harm     .   d - ring of flight
rCorr   .          Rampage  .   (no ring)
Will    .....                   (no ring)
Stlth   +++.......              (no ring)
HPRegen 0.08/turn               (no ring)
MPRegen 0.10/turn               (no ring)
                                (no ring)
                                (no ring)

@: flying, heavily drained
A: almost no armour, amphibious, 8 rings, camouflage 1, gelatinous body 1,
(nimble swimmer 1), tentacles
a: Renounce Religion, Lesser Healing, Divine Protection


You were on level 2 of the Dungeon.
You worshipped Elyvilon.
Elyvilon was aware of your devotion.
You visited 1 branch of the dungeon, and saw 2 of its levels.

You collected 43 gold pieces.

Inventory:

Hand Weapons
 b - a +1 dagger of freezing (weapon)
 g - a +1 short sword of venom
Jewellery
 d - a ring of flight (left tentacle)
Scrolls
 a - a scroll of enchant armour {unknown}
 f - 2 scrolls of identify


   Skills:
 + Level 2.7 Dodging
 - Level 2.6 Stealth
 + Level 2.5 Spellcasting
 + Level 2.0 Conjurations
 + Level 3.6 Fire Magic


You had 7 spell levels left.
You knew the following spells:

 Your Spells              Type           Power      Damage    Failure   Level
a - Foxfire               Conj/Fire      44%        2x1d6     6%          1

Your spell library contained the following spells:

 Spells                   Type           Power      Damage    Failure   Level
 Scorch                   Fire           28%        2d6       6%          2
 Conjure Flame            Conj/Fire      11%        6-21      17%         3
 Inner Flame              Hex/Fire       8%         N/A       26%         3
 Flame Wave               Conj/Fire      11%        3d4       50%         4


Dungeon Overview and Level Annotations

Branches:
Dungeon (2/15)

Altars:
Elyvilon

Shops:
D:1 =

Annotations:
D:2 Terence


Innate Abilities, Weirdness & Mutations

You cannot wear most types of armour.
You are amphibious.
You can wear up to eight rings at the same time.
Your skin changes colour to match your surroundings (Stealth+).
Your rubbery body absorbs attacks. (AC +1, EV +1)
((You are camouflaged near water. (Stealth+)))
You have tentacles for arms and can constrict up to eight enemies at once.


Message History

Terence misses you.
You conjure some foxfire!
The foxfire hits Terence but does no damage.
Terence is moderately wounded.
The foxfire hits Terence but does no damage.
Terence is moderately wounded.
Terence closely misses you.
You conjure some foxfire!
The foxfire hits Terence.
Terence is moderately wounded.
The foxfire hits Terence.
Terence is heavily wounded.
Terence hits you with a +2 morningstar of draining!
You feel drained.
You are too depleted to draw on your mana recklessly!
You hit Terence. You grab Terence.
Terence is heavily wounded.
You constrict Terence, but do no damage.
The foxfire hits Terence but does no damage.
Terence is heavily wounded.
The foxfire hits Terence.
Terence is severely wounded.
Terence barely misses you.
You hit Terence but do no damage.
Terence is severely wounded.
You constrict Terence. Terence closely misses you.
You hit Terence.
Terence is severely wounded.
You constrict Terence. Terence barely misses you.
You hit Terence but do no damage.
Terence is almost dead.
You constrict Terence, but do no damage.
Terence closely misses you.
You hit Terence but do no damage. You squeeze Terence.
Terence is almost dead.
You constrict Terence.
Terence hits you with a +2 morningstar of draining!
Ouch! That really hurt!
* * * LOW HITPOINT WARNING * * *
You feel drained.
You die...

#.# #........## #)# ########.#
#.# #.# ##.## ##+## #...#
##...## #...### ##.(...##
#...#.## ##.......##
...#.#######.#...####.........##
..............@@....+.........'.
...#.########..).####.........##
#.#.## ##.......## #.###
##..)..## #.# ##...## #.# ##+##
#.# #. #.# #.# #.# ##.######


You could see Terence.

Vanquished Creatures
  Robin (D:2)
  An adder (D:2)
  A dart slug (D:1)
  3 endoplasms
  A giant cockroach (D:2)
  14 goblins
  6 hobgoblins
  A quokka (D:1)
  5 ball pythons
  3 bats (D:1)
  3 frilled lizards (D:1)
  2 kobolds (D:1)
  5 rats
46 creatures vanquished.

Vanquished Creatures (others)
  129 foxfires
129 creatures vanquished.

Grand Total: 175 creatures vanquished

Notes
Turn   | Place    | Note
-------+----------+-------------------------------------------
     0 | D:1      | KoroneIsBestGirl the Octopode Fire Elementalist began the
                  | quest for the Orb.
     0 | D:1      | Reached XP level 1. HP: 11/11 MP: 3/3
   218 | D:1      | Reached XP level 2. HP: 11/17 MP: 0/5
   812 | D:1      | Found a faded altar of an unknown god.
   817 | D:1      | Prayed at the altar of an unknown god.
   817 | D:1      | Became a worshipper of Elyvilon the Healer
   817 | D:1      | Reached * piety under Elyvilon
   980 | D:1      | Reached XP level 3. HP: 21/21 MP: 2/6
  1275 | D:1      | Found Ocwux's Jewellery Shop.
  1760 | D:2      | Noticed Robin
  1782 | D:2      | Elyvilon protects you from harm!
  1788 | D:2      | Elyvilon protects you from harm!
  1791 | D:2      | Killed Robin
  1792 | D:2      | Reached XP level 4. HP: 4/27 MP: 2/7
  2202 | D:2      | Noticed Terence
  2223 | D:2      | Slain by Terence

Illustrated notes

Levels and vault maps discovered:
D:1:      minmay_arrival_doors, layout_basic, serial_shops,
          nicolae_shop_window_shopping, hellmonk_ecumenical_altar_heavens_door
D:2:      layout_loops_corners, uniq_robin, uniq_terence,
          uniq_crazy_yiuf_cottage

Skill      XL: |  1  2  3 |
---------------+----------+-----
Conjurations   | 2 |  2.0
Dodging        | |  2.7
Stealth        | |  2.6
Spellcasting   | |  2.5
Fire Magic     | |  3.6

Action                   |  1- 3 |  4- 6 || total
-------------------------+-------+-------++-------
Melee: Unarmed           |    13 |       ||    13
       Tentacles         |     6 |     1 ||     7
       Constrict         |     7 |     1 ||     8
       Short sword       |    14 |     3 ||    17
       Dagger            |     1 |     5 ||     6
 Cast: Foxfire           |    75 |    11 ||    86
  Use: Potion            |     4 |       ||     4
       Scroll            |     1 |       ||     1
 Stab: Invisible         |     2 |       ||     2
       Sleeping          |     1 |     1 ||     2
Armor: Skin              |     3 |       ||     3
Dodge: Dodged            |    19 |     7 ||    26

Table legend: (Time is in decaauts)
 A = Elapsed time spent in this place.
 B = Non-inter-level travel time spent in this place.
 C = Inter-level travel time spent in this place.
 D = Time resting spent in this place.
 E = Time spent auto-exploring this place.
 F = Levels seen in this place.
 G = Mean time per level.
                   A        B        C        D        E       F      G
               +--------+--------+--------+--------+--------+-----+--------+
         Total |   2203 |   2144 |     59 |      0 |   1853 |   2 | 1101.5 |
       Dungeon |   2203 |   2144 |     59 |      0 |   1853 |   2 | 1101.5 |
               +--------+--------+--------+--------+--------+-----+--------+

Top non-repeatable levels by time:
     D:1: 1389 daAuts
     D:2: 813 daAuts
